 Dungeon Crawl Stone Soup version 0.30-a0-34-gbe8da3892a (webtiles) character file.

Game seed: 17775305164885051625

72 Sobieck the Sneak (level 4, 0/29 HPs)
             Began as a Kobold Delver on Aug 27, 2022.
             Slain by a gnoll
             ... wielding a +0 halberd
              (16 damage)
             ... on level 3 of the Dungeon.
             The game lasted 00:04:39 (2988 turns).

Sobieck the Sneak (Kobold Delver)                   Turns: 2988, Time: 00:04:40

Health: 0/29       AC:  4    Str:  9    XL:     4   Next: 48%
Magic:  4/4        EV: 14    Int: 11    God:
Gold:   198        SH:  0    Dex: 18    Spells: 3/3 levels left

rFire   . . .      SeeInvis .    a - +0 short sword {short}
rCold   . . .      Faith    .    (no shield)
rNeg    . . .      Spirit   .    b - +0 leather armour
rPois   .          Reflect  .    (no helmet)
rElec   .          Harm     .    v - +0 cloak
rCorr   .          Rampage  .    (no gloves)
Will    .....                    (no boots)
Stlth   ++++......               (no amulet)
HPRegen 0.09/turn                (no ring)
MPRegen 0.09/turn                (no ring)

@: no status effects
A: small, no large weapons, nightstalker 3
a: no special abilities


You were on level 3 of the Dungeon.
You visited 1 branch of the dungeon, and saw 6 of its levels.

You collected 198 gold pieces.


Innate Abilities, Weirdness & Mutations

You are small and have problems with some larger weapons.
You are completely attuned to the shadows.


   Skills:
 + Level 3.9 Fighting
 * Level 4.6 Short Blades
 - Level 2.4 Dodging
 - Level 6.6 Stealth
 - Level 2.0 Evocations


You had 3 spell levels left.
You didn't know any spells.
Your spell library contained the following spells:

 Spells                   Type           Power      Damage    Failure   Level
 Magic Dart               Conj           0%         1d3       45%         1
 Searing Ray              Conj           0%         2d4       58%         2
 Fulminant Prism          Conj/Hex       0%         3d6       99%         4

Inventory:

Hand Weapons
 a - a +0 short sword (weapon) {short}
 s - a +0 dagger {short}
   (You took it off a kobold on level 1 of the Dungeon)
Missiles
 k - 17 stones (quivered) {throwing}
 A - 3 poisoned darts {throwing}
Armour
 b - a +0 leather armour (worn)
 i - a +0 leather armour
   (You took it off an orc on level 3 of the Dungeon)
 m - a +0 leather armour
   (You found it on level 3 of the Dungeon)
 n - a +0 robe
   (You found it on level 3 of the Dungeon)
 p - a +0 ring mail
   (You found it on level 1 of the Dungeon)
 q - a +0 ring mail
   (You found it on level 1 of the Dungeon)
 u - a +0 leather armour
   (You found it on level 1 of the Dungeon)
 v - a +0 cloak (worn)
   (You found it on level 1 of the Dungeon)
 x - a +0 robe
   (You found it on level 2 of the Dungeon)
Wands
 g - a wand of digging (3)
Scrolls
 c - a scroll of fog
 d - 2 scrolls of magic mapping {!r}
 e - a scroll of fear
 h - a scroll of immolation {unknown}
 j - a scroll of amnesia {unknown}
 l - 2 scrolls of identify {unknown}
 o - 2 scrolls of enchant armour {unknown}
 t - 2 scrolls of torment {unknown}
 w - a scroll of teleportation {unknown}
 y - a scroll of blinking {unknown}
 B - a scroll of vulnerability {unknown}
Potions
 f - a potion of haste {@q3}
 r - 3 potions of mutation {unknown}
 z - 2 potions of curing {unknown}

Dungeon Overview and Level Annotations

Branches:
Dungeon (6/15) Zot: 24488
 Temple: D:4-7

Altars:
Okawaru

Shops:
D:4

: #.##
#...
...
#..#
#.#
#..#
#.#
#...
#.#
##.#
#.# #.#
#.# #.#
####@#
#.#
#..g.#
#.#
#.####
###.#
#.#
#...#
#g#
#.g.#
#.#
#...#
#.#
##.##
#.#
#####g#
###.#
#.....#


You could see a gnoll.


Message History

You closely miss the kobold. The kobold hits you but does no damage.
You closely miss the kobold. The kobold closely misses you.
You hit the kobold.
You kill the kobold!
No target in view!
No target in view!
k - 15 stones {throwing} (gained 2)
You see here a +0 whip {mace}.
You open the door.
There is an open door here.
A rat comes into view.
Danger!
The rat bites you.
You hit the rat. The rat barely misses you.
You hit the rat but do no damage. The rat bites you but does no damage.
You hit the rat.
You kill the rat!
No target in view!
You now have 174 gold pieces (gained 3).
There is an open door here.
There is an open door here.
There is an open door here.
A quokka comes into view.
Danger!
A rat comes into view.
A rat comes into view.
The helpless quokka fails to defend itself.
You skewer the quokka like a kebab!!!
You kill the quokka!
The rat barely misses you.
You hit the rat but do no damage. The rat misses you.
You hit the rat.
You kill the rat!
The helpless rat fails to defend itself.
You impale the rat!!
You kill the rat!
No target in view!
No target in view!
You see here a rat corpse.
A - 3 poisoned darts {throwing}
k - 17 stones {throwing} (gained 2)
You now have 180 gold pieces (gained 6).
There is an open door here.
Done exploring.
Okay, then.
Unknown command.
(D) Dungeon
Where to? (Enter - D:2, ? - help)
There is a stone staircase leading down here.
You climb downwards.
There is a stone staircase leading up here.
Unknown command.
Unknown command.
Unknown command.
B - a scroll labelled YREBREO VUIH Unknown command.
You now have 198 gold pieces (gained 18).
t - 2 scrolls labelled IKHUDA WAUNK (gained 1)
d - 2 scrolls of magic mapping {!r} (gained 1)
A gnoll comes into view. It is wielding a +0 vorpal spear.
Danger!
Unknown command.
Unknown command.
A gnoll comes into view. It is wielding a +0 halberd.
The gnoll shouts! x2; You hear a shout!
Unknown command.
The gnoll barely misses you. The gnoll hits you but does no damage.
Unknown command.
Danger!
There is a stone staircase leading up here.
Danger!
Unknown command.
Danger!
The gnoll barely misses you. The gnoll closely misses you.
Unknown command.
You can't go up here!
Unknown command.
You hit the gnoll. The gnoll barely misses you. The gnoll misses you.
You hit the gnoll.
Unknown command.
You hit the gnoll.
You kill the gnoll!
The gnoll misses you.
Training target 2.0 for Evocations reached!
Your Evocations skill increases to level 2!
The gnoll barely misses you.
There is a stone staircase leading up here.
Things that are here:
a +0 vorpal spear {polearm}; a gnoll corpse You closely miss the gnoll.
The gnoll barely misses you.
You hit the gnoll. The gnoll closely misses you.
You closely miss the gnoll. The gnoll hits you with a +0 halberd!
You hit the gnoll but do no damage. The gnoll hits you with a +0 halberd.
You hit the gnoll. The gnoll barely misses you.
You closely miss the gnoll. You hit the gnoll but do no damage.
The gnoll hits you with a +0 halberd!
Ouch! That really hurt!
You die...

Skill      XL: |  1  2  3  4 |
---------------+-------------+-----
Short Blades   | 3 4 |  4.6
Evocations     | 1 2 |  2.0
Fighting       | |  3.9
Dodging        | |  2.4
Stealth        | |  6.6

Action                   |  1- 3 |  4- 6 || total
-------------------------+-------+-------++-------
Melee: Short sword       |   101 |    27 ||   128
       Dagger            |     1 |       ||     1
 Stab: Sleeping          |    16 |     4 ||    20
       Distracted        |     1 |       ||     1
Armor: Leather armour    |    21 |     3 ||    24
Dodge: Dodged            |    81 |    17 ||    98

Levels and vault maps discovered:
D:1:      saegor_arrival_simple_c, layout_basic,
          hellmonk_ecumenical_altar_run_dry
D:2:      minmay_door_path, layout_basic, basic_altar
D:3:      layout_loops_ring, nicolae_wu_jian_immortal_techniques,
          gammafunk_ghost_smash, uniq_crazy_yiuf_cottage
D:4:      layout_loops_ring, serial_shops, shop_fountains
D:5:      layout_loops_corners, minmay_temple_entry_fiery,
          nicolae_zen_rock_garden
D:6:      layout_cave_pods, nicolae_overflow_crystal_walls

Notes
Turn   | Place    | Note
-------+----------+-------------------------------------------
     0 | D:5      | Sobieck the Kobold Delver began the quest for the Orb.
     0 | D:5      | Reached XP level 1. HP: 14/14 MP: 1/1
    17 | D:5      | Reached skill level 3 in Short Blades
    17 | D:5      | Reached XP level 2. HP: 19/19 MP: 2/2
    54 | D:4      | Found Hyozara's Book Shoppe.
    77 | D:3      | Reached skill level 1 in Evocations
   483 | D:1      | Reached XP level 3. HP: 11/23 MP: 3/3
   878 | D:1      | Found a faded altar of an unknown god.
  1065 | D:1      | You pick up a book of Conjurations {@e2} and begin
                  | reading...
  1065 | D:1      | You add the spells Magic Dart, Searing Ray and Fulminant
                  | Prism to your library.
  1155 | D:1      | Reached skill level 4 in Short Blades
  1865 | D:2      | Found an iron altar of Okawaru.
  1874 | D:2      | Reached XP level 4. HP: 29/29 MP: 4/4
  2981 | D:3      | Reached skill level 2 in Evocations
  2988 | D:3      | Slain by a gnoll

Vanquished Creatures
  A gnoll (D:3)
  2 adders
  2 orcs (D:3)
  2 ball pythons
  5 endoplasms
  2 giant cockroaches (D:1)
  2 goblins
  4 hobgoblins
  8 kobolds
  A quokka (D:2)
  4 bats (D:1)
  2 frilled lizards (D:1)
  5 rats
40 creatures vanquished.

Table legend:
 A = Non-vault XP
 B = Vault XP
 C = Vault XP percentage of total XP
 D = Non-vault monster count
 E = Vault monster count
 F = Vault count percentage of total count
                 A         B        C        D         E       F
            +---------+---------+-------+---------+---------+-------
      Total |     103 |       0 |   0.0 |      40 |       0 |   0.0
            +---------+---------+-------+---------+---------+-------
        D:1 |      35 |       0 |   0.0 |      21 |       0 |   0.0
        D:2 |      27 |       0 |   0.0 |      11 |       0 |   0.0
        D:3 |      28 |       0 |   0.0 |       7 |       0 |   0.0
        D:5 |      13 |       0 |   0.0 |       1 |       0 |   0.0
            +---------+---------+-------+---------+---------+-------

Illustrated notes

Table legend:
 A = Kills in this place as a percentage of kills in entire the game.
 B = Kills by you in this place as a percentage of kills by you in the entire game.
 C = Kills by friends in this place as a percentage of kills by friends in the entire game.
 D = Other kills in this place as a percentage of other kills in the entire game.
 E = Experience gained in this place as a percentage of experience gained in the entire game.
 F = Experience gained in this place divided by the number of levels of this place that you have seen.
                   A       B       C       D       E      F
               +-------+-------+-------+-------+-------+----------------------
         Total | 100.0 | 100.0 |   N/A |   N/A | 100.0 |  17.2
       Dungeon | 100.0 | 100.0 |   N/A |   N/A | 100.0 |  17.2
               +-------+-------+-------+-------+-------+----------------------

Table legend: (Time is in decaauts)
 A = Elapsed time spent in this place.
 B = Non-inter-level travel time spent in this place.
 C = Inter-level travel time spent in this place.
 D = Time resting spent in this place.
 E = Time spent auto-exploring this place.
 F = Levels seen in this place.
 G = Mean time per level.
                   A        B        C        D        E       F      G
               +--------+--------+--------+--------+--------+-----+--------+
         Total |   2974 |   2867 |    107 |    443 |   1980 |   6 |  495.7 |
       Dungeon |   2974 |   2867 |    107 |    443 |   1980 |   6 |  495.7 |
               +--------+--------+--------+--------+--------+-----+--------+

Top non-repeatable levels by time:
     D:1: 1347 daAuts
     D:2: 1019 daAuts
     D:3: 546 daAuts
     D:5: 52 daAuts
     D:4: 5 daAuts
     D:6: 1 daAuts
